 Dungeon Crawl Stone Soup version 0.30-a0-737-gf23d94013f (webtiles) character file.

Game seed: 9803152427889296162

28 kae the Insei (level 3, 25/26 HPs)
             Began as a Demonspawn Transmuter on Feb 1, 2023.
             Quit the game on level 1 of the Dungeon.
             The game lasted 00:00:37 (622 turns).

kae the Insei (Demonspawn Transmuter)                Turns: 622, Time: 00:00:38

Health: 25/26      AC:  2    Str: 10    XL:     3   Next: 0%
Magic:  4/6        EV: 12    Int: 16    God:
Gold:   42         SH:  0    Dex: 13    Spells: 5/6 levels left

rFire   . . .      SeeInvis .      - Unarmed
rCold   . . .      Faith    .    (no shield)
rNeg    . . .      Spirit   .    a - +0 robe
rPois   .          Reflect  .    (helmet currently unavailable)
rElec   .          Harm     .    (no cloak)
rCorr   .          Rampage  .    (no gloves)
Will    .....                    (boots currently unavailable)
Stlth   +                        (no amulet)
HPRegen 0.24/turn                (no ring)
MPRegen 0.10/turn                (no ring)

@: appendages
A: horns 2, talons 2, sturdy frame 1
a: End Transformation


You were on level 1 of the Dungeon.
You had temporarily grown beastly horns and talons.
You visited 1 branch of the dungeon, and saw 1 of its levels.

You collected 42 gold pieces.


Innate Abilities, Weirdness & Mutations

You have temporarily grown beastly horns and talons.
Your movements are slightly less encumbered by armour. (ER -2)


   Skills:
 - Level 1.0 Fighting
 - Level 1.7 Dodging
 + Level 3.0 Unarmed Combat
 + Level 2.3 Spellcasting
 * Level 2.6 Transmutations


You had 5 spell levels left.
You knew the following spells:

 Your Spells              Type           Power      Damage    Failure   Level
a - Beastly Appendage     Tmut           20%        N/A       7%          1

Your spell library contained the following spells:

 Spells                   Type           Power      Damage    Failure   Level
 Wereblood                Tmut           10%        N/A       11%         2
 Magic Dart               Conj           4%         1d3       21%         1
 Call Imp                 Summ           1%         N/A       30%         2
 Sublimation of Blood     Necr           1%         N/A       30%         2
 Spider Form              Tmut/Pois      6%         N/A       34%         3
 Mephitic Cloud           Conj/Pois/Air  1%         N/A       52%         3
 Ice Form                 Ice/Tmut       6%         N/A       75%         4
 Summon Hydra             Summ           0%         N/A       100%        7

Inventory:

Missiles
 f - 7 stones
Armour
 a - a +0 robe (worn)
Magical Staves
 h - a staff of fire {!a}
   (You found it on level 1 of the Dungeon)
Scrolls
 c - 2 scrolls of identify {unknown}
 d - a scroll of immolation {unknown}
 e - a scroll of teleportation {unknown}
Potions
 b - a potion of lignification {!q}
 g - a potion of degeneration {unknown}

Dungeon Overview and Level Annotations

Branches:
Dungeon (1/15) Zot: 5380

Altars:

### #####.##############
#..>#......$@†......
####.#.#.##############
#....#...# #....##### ..
#..#.# .# #..#.#####
############# #.#
#........# #....#......#
#.#####
##.##.###.###....#......#
#.#...#
...#.>)..........'......#
#.#.#.#


There were no monsters in sight!


Message History

The bat hits you but does no damage.
You hit the bat.
You kill the bat!
f - 7 stones (gained 5)
A goblin comes into view. It is wielding a +0 club.
A goblin is nearby!
Unknown command.
A goblin is nearby!
A goblin is nearby!
Casting: Beastly Appendage (safe; 9% risk of failure)
Confirm with . or Enter, or press ? or * to list all spells.
You grow a pair of large bovine horns.
Your feet morph into talons.
The goblin shouts! 😎 MP[-1]
You lost 1 mp, and now have 4/5 mp.
A goblin is nearby!
You hit the goblin. Your headbutt misses the goblin. You miss the goblin.
The goblin misses you.
A goblin is nearby!
You closely miss the goblin. You headbutt the goblin.
You kill the goblin!
Your Unarmed Combat skill increases to level 3!
No target in view!
Things that are here:
a +0 club; a goblin corpse Your transformation is almost over.
A giant cockroach comes into view. 😎 MP[+1]
Your mp is fully restored (5).
A giant cockroach is nearby!
The giant cockroach closely misses you.
A giant cockroach is nearby!
You hit the giant cockroach. The giant cockroach barely misses you.
You hit the giant cockroach.
You kill the giant cockroach!
A dart slug comes into view.
A dart slug is nearby!
Casting: Beastly Appendage (safe; 9% risk of failure)
Confirm with . or Enter, or press ? or * to list all spells.
You extend your transformation's duration.
The dart slug launches a dart at you. The slug dart hits you. 😕 HP[-4] MP[-1]
You take 4 damage, and now have 17/21 hp.
You lost 1 mp, and now have 4/5 mp.
The dart slug bites you.
You hit the dart slug. You headbutt the dart slug.
A dart slug is nearby! 😮 HP[-2]
You take 2 damage, and now have 15/21 hp.
A dart slug is nearby!
You hit the dart slug but do no damage. You claw the dart slug.
You kill the dart slug!
No target in view! 😕 HP[+1]
Your transformation is almost over.
Your horns disappear.
Your talons disappear.
g - a cyan potion 😎 HP[+5] MP[+1]
Your hp is fully restored (21).
Your mp is fully restored (5).
Key pressed, stopping explore.
No target in view!
No target in view!
You see here a giant cockroach corpse.
c - 2 scrolls labelled SUXTYL VOSOD (gained 1)
h - a staff of fire {!a} You see here a hobgoblin skeleton.
There is a stone staircase leading down here.
Found an escape hatch in the floor.
Casting: Beastly Appendage (safe; 8% risk of failure)
Confirm with . or Enter, or press ? or * to list all spells.
You grow a pair of large bovine horns.
Your feet morph into talons.
Your transformation is almost over.
A frilled lizard comes into view.
A frilled lizard is nearby!
A frilled lizard is nearby!
The frilled lizard hisses angrily.
You see here 15 gold pieces.
A frilled lizard is nearby!
Casting: Beastly Appendage (safe; 8% risk of failure)
Confirm with . or Enter, or press ? or * to list all spells.
You extend your transformation's duration. 😎 MP[-1]
You lost 1 mp, and now have 4/5 mp.
The frilled lizard bites you.
You miss the frilled lizard. The frilled lizard barely misses you.
A frilled lizard is nearby! 😕 HP[-1]
You take 1 damage, and now have 20/21 hp.
A frilled lizard is nearby!
You hit the frilled lizard.
You kill the frilled lizard!
You have reached level 3!
Your experience leads to an increase in your attributes!
Increase (S)trength, (I)ntelligence, or (D)exterity?
You feel clever. x2 😕 HP[+5]
You now have 26 max hp (+5).
You regained 5 hp, and now have 25/26 hp.
Are you sure you want to abandon this character and quit the game? (Confirm with "yes".)

Skill      XL: |  1  2 |
---------------+-------+-----
Transmutations | 2 |  2.6
Unarmed Combat | 3 |  3.0
Fighting       | |  1.0
Dodging        | |  1.7
Spellcasting   | |  2.3

Action                     || total
---------------------------++-------
  Melee: Unarmed           ||    62
         Kick              ||     8
         Headbutt          ||     5
         Punch             ||     1
   Cast: Beastly Appendage ||    12
 Armour: Robe              ||    10
  Dodge: Dodged            ||    41

Levels and vault maps discovered:
D:1:      onia_arrival_zoo_common, layout_basic, minmay_misc_feat_tower

Notes
Turn   | Place    | Note
-------+----------+-------------------------------------------
     0 | D:1      | kae the Demonspawn Transmuter began the quest for the Orb.
     0 | D:1      | Reached XP level 1. HP: 15/15 MP: 3/3
     0 | D:1      | magus.rc [v1.11.3]
     6 | D:1      | Noticed a komodo dragon
     6 | D:1      | Noticed a rime drake
     6 | D:1      | Noticed a redback
     7 | D:1      | Noticed a polar bear
     7 | D:1      | Noticed a swamp worm
    40 | D:1      | You pick up a book of Minor Magic and begin reading...
    40 | D:1      | You add the spells Magic Dart, Call Imp and Mephitic Cloud
                  | to your library.
   101 | D:1      | Reached skill level 2 in Transmutations
   181 | D:1      | Gained mutation: Your movements are slightly less
                  | encumbered by armour. (ER -2) [demonic ancestry]
   181 | D:1      | Reached XP level 2. HP: 20/21 MP: 3/5
   196 | D:1      | You pick up a book of Blood and begin reading...
   196 | D:1      | You add the spells Sublimation of Blood and Summon Hydra to
                  | your library.
   432 | D:1      | Reached skill level 3 in Unarmed Combat
   622 | D:1      | Reached XP level 3. HP: 25/26 MP: 4/6
   622 | D:1      | Quit the game

Vanquished Creatures
  3 dart slugs (D:1)
  4 bats (D:1)
  An endoplasm (D:1)
  A giant cockroach (D:1)
  2 goblins (D:1)
  4 hobgoblins (D:1)
  A quokka (D:1)
  2 frilled lizards (D:1)
  2 kobolds (D:1)
  2 rats (D:1)
22 creatures vanquished.

Table legend:
 A = Non-vault XP
 B = Vault XP
 C = Vault XP percentage of total XP
 D = Non-vault monster count
 E = Vault monster count
 F = Vault count percentage of total count
                 A         B        C        D         E       F
            +---------+---------+-------+---------+---------+-------
      Total |      41 |       0 |   0.0 |      22 |       0 |   0.0
            +---------+---------+-------+---------+---------+-------
        D:1 |      41 |       0 |   0.0 |      22 |       0 |   0.0
            +---------+---------+-------+---------+---------+-------

Illustrated notes

Table legend:
 A = Kills in this place as a percentage of kills in entire the game.
 B = Kills by you in this place as a percentage of kills by you in the entire game.
 C = Kills by friends in this place as a percentage of kills by friends in the entire game.
 D = Other kills in this place as a percentage of other kills in the entire game.
 E = Experience gained in this place as a percentage of experience gained in the entire game.
 F = Experience gained in this place divided by the number of levels of this place that you have seen.
                   A       B       C       D       E      F
               +-------+-------+-------+-------+-------+----------------------
         Total | 100.0 | 100.0 |   N/A |   N/A | 100.0 |  41.0
       Dungeon | 100.0 | 100.0 |   N/A |   N/A | 100.0 |  41.0
               +-------+-------+-------+-------+-------+----------------------

Table legend: (Time is in decaauts)
 A = Elapsed time spent in this place.
 B = Non-inter-level travel time spent in this place.
 C = Inter-level travel time spent in this place.
 D = Time resting spent in this place.
 E = Time spent auto-exploring this place.
 F = Levels seen in this place.
 G = Mean time per level.
                   A        B        C        D        E       F      G
               +--------+--------+--------+--------+--------+-----+--------+
         Total |    619 |    619 |      0 |      0 |    465 |   1 |  619.0 |
       Dungeon |    619 |    619 |      0 |      0 |    465 |   1 |  619.0 |
               +--------+--------+--------+--------+--------+-----+--------+

Top non-repeatable levels by time:
     D:1: 619 daAuts
